Unix xNetHack Version 7.1.0 - last build Dec 11 2022 15:18:36 (91bc4d2507b4b34ac92889b06d50a936f6bde808). Game began 2023-04-10 18:31:49, ended 2023-06-16 13:07:05. wvc, neutral female human Wizard ----------------------------------------------------------------------------- |.............|.........|.......|. ...|...|.|...........|.........|.........| |--.-----.-----.|.-------.-----.|.|.|.|.|.|.|.---.------|.-------.|.-----.--| |...|...|$|.....|............$|. .|.|...|...|.|...|.....|...|.|...|...|.|...| |.---.|.|.|.----------------------|.---------.|.---.---.---.|.|.-----.|.---.| |.....|.|.|.||..-..........|. ...||...........|.......|.......|.......|...|.| |.----|.---.||!.|?.-----------...|---------------------------------.-----.|.| |...|.|.....||..|..|.........|-|----------------------------------|.......|.| |--.|.------||..|.)|..?...>..|...................................|---------.| |.|.|...|...||..|?V-.^.......|... ...............................+..........| |.|^|.|.|.|.||^.---|......)..|...................................|----------| |.<...%..1|.||.....|.........|-+----------------------------------|.........| |.---.|.-.-4||---|------------...|--------------------------------|.-------.| |`.%..|..*.`||....@........|.....||.................|...........|.|.|.|...|.| |----------.||...........[.|.....||.---------.-----.---------.|.|.|.|.|.|.|.| |.........|.|---------------------|.........|.|...|...|...|...|.|.....|.|...| |.---------.---------------------------------.|.-----.|.|.|.---.-------.|--.| |.............................................|.........|...|...........|...| ----------------------------------------------------------------------------- Wvc the Necromancer St:18/20 Dx:17 Co:16 In:23 Wi:23 Ch:15 Neutral S:1200826 Dlvl:32 $:554 HP:0(254) Pw:223(358) AC:-30 Xp:23/249297 T:33455 Latest messages: You find a fire trap. The door opens. The vampire bat misses! Your mithril dwarvish ring mail blocks the vampire bat's attack. You hit the vampire bat with the cockatrice corpse. The lapidifying vampire bat drops to the floor! A vampire lord rises from the floor with renewed agility! The vampire lord scratches you! The vampire lord bites! You hit the vampire lord with the cockatrice corpse. The vampire lord is slowing down. The vampire lord turns to stone. You see here a stone statue of a vampire lord. You see here a vulgar polearm. You see here a scroll of teleportation. Where do you want to travel to? (For instructions type a '?') You see here a scroll of enchant weapon. You feel vaguely nervous. You find a hidden door. This door is locked. Unlock it with your skeleton key? [ynq] (q) y You succeed in unlocking the door. The door opens. o - a potion of healing {20}. What do you want to drink? [co or ?*] o You feel better. You feel your magical energy drain away. You see here a potion of water. r - a potion of water {20}. This door is locked. Unlock it with your skeleton key? [ynq] (q) y You succeed in unlocking the door. The door opens. You fall into a pit! You land on a set of sharp iron spikes! The spikes were poisoned! The poison doesn't seem to affect you. Falling, you touch the cockatrice corpse. You turn to stone... But wait... Your medallion begins to glow! But... the chain on your medallion breaks and it falls to the floor! You hear the sound of a distant trombone... Do you want your possessions identified? [ynq] (y) y Do you want to see your attributes? [ynq] (y) y Do you want an account of creatures vanquished? [ynaq] (y) y Do you want a list of species genocided and extinct? [ynq] (y) y Do you want to see your conduct and achievements? [ynq] (y) y Do you want to see the dungeon overview? [ynq] (y) y Major events: Turn 1: wvc the neutral female human Wizard entered the dungeon 307: attained the rank of Conjurer (level 3) 645: entered the Gnomish Mines 1812: attained the rank of Thaumaturge (level 6) 2211: reached Mine Town 2811: destroyed eraserhead97's ghost, the former Rogue 3944: acquired the Mines' End luckstone 4986: entered Sokoban 6216: completed sokoban 1 6894: completed sokoban 2 7453: completed sokoban 3 7888: attained the rank of Magician (level 10) 8514: completed sokoban 4 8752: acquired the Sokoban amulet of reflection 11701: bestowed with Magicbane by Thoth 14508: killed Anaraxis the Black 14508: found the Eye of the Aethiopica carried by a monster 14509: acquired the Bell of Opening 15427: entered the Bigroom 18020: killed Medusa 18020: attained the rank of Enchantress (level 14) 20438: entered Gehennom 21124: attained the rank of Sorceress (level 18) 22082: bestowed with Werebane by Thoth 23608: killed the invisible Croesus 25157: found Sunsword on the floor 25269: made her first wish - "blessed spellbook of magic mapping" 25551: killed Juiblex 26111: killed the invisible Baalzebub 26340: wished for "blessed greased fixed ring of levitation" 27184: destroyed Vlad the Impaler 27185: acquired the Candelabrum of Invocation 27517: killed the invisible Orcus 30051: became Thoth's Envoy of Balance 30051: bestowed with spellbook of finger of death 30946: attained the rank of Necromancer (level 22) 32198: killed the Wizard of Yendor 32200: acquired the Book of the Dead 32219: averted death (petrified by a cockatrice corpse) 32482: killed the Wizard of Yendor (for the 2nd time; on level 48, Gehennom) 32486: performed the invocation 32488: killed the Wizard of Yendor (for the 3rd time; on level 48, Gehennom) 32673: performed her first genocide (class L) 32676: genocided class ; 32834: killed the high priest of Moloch 32837: acquired The Amulet of Yendor 33455: petrified by a cockatrice corpse Inventory: Inventory: 898/925 weight (39/52 slots) Coins ('$') $ - 554 gold pieces {6} Amulets ('"') S - the Amulet of Yendor {20} w - the blessed Eye of the Aethiopica {20} Weapons (')') I - a +3 silver dagger {11} E - the blessed +5 Magicbane (alternate weapon; not wielded) {10} Armor ('[') p - a blessed greased +5 helm of brilliance (being worn) {38} D - an uncursed fireproof +1 pair of leather gloves (being worn) {8} a - a blessed fireproof +4 pair of speed boots (being worn) {15} z - a cursed greased +0 set of gray dragon scales (being worn) {30} B - a blessed +4 Hawaiian shirt with a jellyfish motif (being worn) {4} Q - a blessed silver-scaled +4 mithril dwarvish ring mail (being worn) {113} Comestibles ('%') n - an uncursed cockatrice corpse (wielded) {30} Spellbooks ('+') X - the uncursed Book of the Dead {20} Potions ('!') c - an uncursed potion of gain level {20} r - an uncursed potion of water {20} Rings ('=') H - an uncursed ring of conflict {3} U - a cursed ring of free action {3} d - an uncursed +2 ring of protection {3} K - an uncursed ring of regeneration (on left hand) {3} V - an uncursed ring of slow digestion {3} Wands ('/') g - a wand of cancellation (2:3) {7} O - a wand of digging (0:4) {7} e - a wand of digging (0:0) {7} v - a wand of fire (0:7) {7} k - a wand of make invisible (0:5) {7} t - a wand of polymorph (0:2) {7} h - a wand of teleportation (0:1) {7} Tools ('(') s - a blessed greased bag of holding containing 75 items {341} L - an empty uncursed sack {15} y - the Bell of Opening (0:2) {10} j - the uncursed Candelabrum of Invocation (0 of 7 candles attached) {10} Z - an uncursed lantern {30} C - an uncursed pair of lenses (being worn) {3} q - an uncursed skeleton key {3} W - an uncursed towel {5} u - a blessed +0 unicorn horn {20} N - a +0 unicorn horn {20} Gems/Stones ('*') x - an uncursed aquamarine stone {1} M - an uncursed jade stone {1} T - a blessed luckstone {10} Contents of the bag of holding: 5958 gold pieces an uncursed gold amulet of life saving an uncursed silver amulet of life saving an uncursed silver amulet of life saving an uncursed silver amulet of life saving an uncursed platinum amulet of reflection an uncursed copper amulet of unchanging the +0 Sunsword the corrodeproof +0 Werebane an uncursed +0 pair of speed boots an uncursed +0 pair of water walking boots an uncursed +0 cloak of displacement an uncursed +0 plastic cloak of magic resistance an uncursed thoroughly burnt +0 cloak of protection 10 uncursed C-rations 2 uncursed greased carrots an uncursed clove of garlic an uncursed eucalyptus leaf 9 uncursed K-rations 3 uncursed pears 2 uncursed lizard corpses an uncursed scroll of blank paper a cursed scroll of blank paper an uncursed scroll of enchant weapon 2 cursed scrolls of enchant weapon 3 uncursed scrolls of food detection an uncursed scroll of gold detection 8 blessed scrolls of identify an uncursed scroll of identify 7 uncursed scrolls of magic mapping an uncursed potion of extra healing a cursed diluted potion of extra healing 2 blessed potions of restore ability an uncursed potion of speed 3 potions of holy water an uncursed potion of water a potion of unholy water an uncursed +1 ring of adornment an uncursed ring of polymorph an uncursed ring of polymorph control a wand of death (0:7) a wand of death (0:6) a wand of death (0:6) a wand of death (0:3) a wand of digging (0:7) a wand of digging (0:7) a wand of digging (0:6) a wand of digging (0:6) a wand of digging (0:4) a wand of digging (0:0) a wand of nothing (0:5) a wand of speed monster (0:4) a wand of teleportation (0:8) a wand of teleportation (0:8) a wand of teleportation (0:8) a wand of teleportation (0:5) a wand of teleportation (0:3) a wand of wishing (0:1) a wand of wishing (0:1) a wand of wishing (0:1) an uncursed bugle a can of grease (0:6) a crystal ball (0:24) a magic marker (1:8) an uncursed mithril magic whistle 7 uncursed wax candles 6 uncursed amethyst stones 5 uncursed diamonds 11 uncursed emeralds an uncursed garnet stone 7 uncursed jade stones 4 uncursed jasper stones 8 uncursed jet stones 6 uncursed rubies an uncursed luckstone Wvc the Wizard's attributes: Background: You were a Necromancer, a level 23 female human Wizard. You were neutral, on a mission for Thoth who was opposed by Ptah (lawful) and Anhur (chaotic). You were heterosexual. You were in Gehennom, on level 32. You entered the dungeon 33455 turns ago. You had 249297 experience points, 42703 more were needed for level 24. Your score was 1200826 before end-of-game adjustments. Basics: You had 0 out of 254 hit points. You had 223 out of 358 energy points (spell power). Your armor class was -30. Your wallet contained 554 zorkmids. Autopickup was off. Final Characteristics: Your strength was 18/20 (limit:18/100). Your dexterity was 17 (limit:18). Your constitution was 16 (limit:18). Your intelligence was 23 (base:18, innate limit:18). Your wisdom was 23 (base:18, innate limit:18). Your charisma was 15 (limit:18). Final Status: You were trapped in a spiked pit. You were not hungry. You were unencumbered. You were wielding a corpse. Final Attributes: You were the Envoy of Balance. You were piously aligned. You were magic-protected. You were fire resistant. You were cold resistant. You were sleep resistant. You were disintegration-resistant. You were shock resistant. You were poison resistant. You were telepathic. You were warned. You had teleport control. You regenerated. You had a moderate defense bonus (+8). You were guarded. You took half spell damage. You were very fast. You had reflection. You were extremely lucky. You had extra luck. Good luck did not time out for you. You are dead (2nd time!). Miscellaneous: You encountered 1 bones level. Total elapsed playing time was 18 hours, 28 minutes and 35 seconds. Vanquished creatures: Baalzebub Orcus Juiblex the Wizard of Yendor (thrice) Vlad the Impaler 3 arch-liches a high cleric a mastodon Medusa Croesus 8 krakens an iron golem 3 master liches 2 storm giants 2 glass golems 3 purple worms a phoenix 2 gray dragons 3 silver dragons 3 red dragons 3 white dragons an orange dragon 8 black dragons 2 blue dragons 3 green dragons 6 yellow dragons 12 minotaurs 4 jabberwocks Anaraxis the Black 8 baluchitheria 7 demiliches 2 stone golems 5 Olog-hai 3 master mind flayers a Nazgul a pit fiend a sandestin 5 hell hounds 6 displacer beasts 7 titanotheres 4 trappers a baby blue dragon 2 guardian nagas 9 disenchanters 2 genetic engineers 25 vampire leaders 6 shades 2 skeletons 9 aligned clerics 4 captains 12 liches 13 nurses 9 ice devils 7 nalfeshnees 2 mumakil 6 lurkers above 6 Aleaxes 2 frost giants 8 ettins 2 golden nagas 5 black puddings 39 vampires 10 lieutenants 2 queen bees a winged gargoyle 6 giant mimics 10 orc-captains 8 long worms 8 zruties 5 fire giants 3 ogre tyrants 3 elven monarchs 4 ice trolls 2 rock trolls 8 umber hulks 2 mind flayers 4 flesh golems 3 doppelgangers 4 hezrous a bone devil 2 large mimics 6 wumpuses a fire vortex a couatl 7 stalkers 2 air elementals 3 fire elementals an earth elemental 2 water elementals 6 hill giants 3 giant mummies 5 elf-nobles 12 xorns 14 giant zombies 30 sergeants 9 barbed devils 7 vrocks 3 salamanders 2 wargs 3 winter wolves 6 hell hound pups 14 small mimics 2 glass piercers 5 warhorses 16 xans 5 ettin mummies 6 ogre leaders 15 trolls 7 quantum mechanics 2 sasquatches 4 wood golems 4 erinyes 5 mariliths 10 sharks 3 electric eels 5 gelatinous cubes 7 pyrolisks 3 large dogs 6 freezing spheres 5 flaming spheres 7 shocking spheres 10 tigers 4 gargoyles 2 dwarf rulers 12 tengu 3 ochre jellies 16 leocrottas 4 energy vortices 2 mountain centaurs 7 stone giants 6 elf mummies 4 human mummies 10 red nagas 5 green slimes 7 Grey-elves 7 pythons 2 pit vipers 2 cobras 38 wraiths 8 carnivorous apes 14 ettin zombies 3 leather golems 122 soldiers 8 amorous demons 7 horned devils 8 chameleons 3 crocodiles 48 giant beetles 4 quivering blobs 26 cockatrices 12 wolves 5 winter wolf cubs 6 lynxes 5 panthers 7 gremlins 2 spotted jellies 49 leprechauns 3 mountain nymphs 5 iron piercers 13 giant spiders 11 scorpions 9 horses an ice vortex 3 black lights 34 vampire bats 5 forest centaurs 7 gnome rulers an orc mummy 2 dwarf mummies 5 ogres 9 Green-elves 14 rust monsters 16 owlbears 8 yetis 2 gold golems 3 werewolves 6 piranha 25 giant eels 12 lizards 3 chickatrices 2 dingoes 3 dogs 2 housecats 7 jaguars 3 dwarf leaders 5 blue jellies 7 water nymphs 5 white unicorns 4 black unicorns 10 dust vortices 40 ravens 4 plains centaurs 3 gnome mummies 2 Woodland-elves 7 snakes 4 water moccasins 36 ghosts 10 apes 20 human zombies a rope golem 97 soldier ants 25 fire ants 13 imps 3 lemures 13 quasits 7 wood nymphs 14 bugbears a Mordor orc 4 orc shamans 7 rock piercers 5 rock moles 2 ponies 3 fog clouds 13 yellow lights 7 shriekers 6 violet fungi 3 black molds 22 gnome leaders 3 gnomish wizards 3 kobold mummies a golden naga hatchling a gray ooze 2 barrow wights 13 elf zombies 16 ghouls 3 straw golems a paper golem 4 jellyfish 70 giant ants 4 floating eyes a kitten 19 dwarves 12 homunculi a kobold leader 4 kobold shamans 15 hill orcs 9 rothes 3 rabid rats 23 giant bats 4 monkeys 16 orc zombies 17 dwarf zombies a wererat a werejackal 14 iguanas 57 killer bees 2 acid blobs 6 coyotes 4 gas spores 15 hobbits 10 manes 3 large kobolds 7 hobgoblins 6 giant rats a cave spider 5 brown molds 5 yellow molds 8 green molds 2 red molds 53 gnomes 2 garter snakes 12 gnome zombies 12 geckos 9 jackals 4 kobolds 3 goblins 2 sewer rats 7 grid bugs 8 bats 7 lichens 19 kobold zombies 10 newts 2278 creatures vanquished. Genocided or extinct species: liches demiliches master liches arch-liches soldiers (extinct) erinyes (extinct) jellyfish piranha sharks giant eels electric eels krakens 10 species genocided. 2 species extinct. Voluntary challenges: You read items or engraved 109 times. You genocided 10 types of monsters. You polymorphed 939 items. You never changed form. You used 2 wishes. You did not wish for any artifacts. You never scared an enemy with impunity. You violated the special Sokoban rules once. Achievements: You attained the rank of Conjurer. You entered the Gnomish Mines. You attained the rank of Thaumaturge. You entered Minetown. You entered a shop. You entered a temple. You completed the Gnomish Mines. You entered Sokoban. You attained the rank of Magician. You completed Sokoban. You had the Bell of Opening. You entered the Big Room. You defeated Medusa. You attained the rank of Enchantress. You learned the tune to open and close the Castle's drawbridge. You entered Gehennom. You attained the rank of Sorceress. You had the Candelabrum of Invocation. You attained the rank of Necromancer. You had the Book of the Dead. You gained access to Moloch's Sanctum. You had the Amulet of Yendor. The Dungeons of Doom: levels 1 to 25 Level 1: Level 2: A general store. Stairs down to The Gnomish Mines. Level 3: Level 4: Level 5: Some fountains, many trees. Oracle of Delphi. Level 6: Some shops, a grave. Stairs up to Sokoban, level 5. Level 7: Level 8: An altar to Thoth, some fountains. Level 9: A fountain, a sink, a tree. Level 10: A fountain. Level 11: Portal to The Quest. Level 12: A fountain. Portal to Fort Ludios. Level 13: A fountain. Level 14: A sink. Level 15: A very big room. Level 16: A fountain, many graves. Level 17: Level 18: A fountain. Level 19: A fountain, a grave. Level 20: Level 21: Many trees. Level 22: Level 23: Level 24: Level 25: A fountain. The castle (play notes "BAAAB" to open or close drawbridge). Connection to Gehennom. Gehennom: levels 26 to 49 Level 26: A temple, many graves. Valley of the Dead. Level 27: Level 28: Level 29: Many graves. Level 30: Level 31: A fountain. Level 32: <- You were here. Final resting place for you, petrified by a cockatrice corpse. Level 33: Level 34: Many graves. Level 35: Many graves. Level 36: Level 37: Stairs up to Vlad's Tower, level 36. Level 38: Some shops, an altar, many graves. Level 39: Level 40: Level 41: Level 42: Level 43: Level 44: "real tower" Level 45: Level 46: An altar, a fountain. Level 47: Level 48: Level 49: A temple, many graves. Moloch's Sanctum. The Gnomish Mines: levels 3 to 10 Level 3: Level 4: Level 5: Many shops, a temple, some fountains, some trees. Level 6: Final resting place for eraserhead97-Rog-Hum-Fem-Cha, killed by a watch captain. Level 7: Level 8: Level 9: Level 10: The Quest: levels 1 to 6 Level 1: A throne. Completed quest for Neferet the Green. Level 2: Level 3: Level 4: Level 5: Level 6: A temple. Sokoban: levels 5 up to 2 Level 2: Solved. Level 3: Solved. Level 4: Solved. Level 5: Solved. Fort Ludios: Level 1: A throne. Fort Ludios. Vlad's Tower: levels 36 up to 33 Level 33: Level 34: Level 35: Level 36: Game over: __________ / \ / REST \ / IN \ / PEACE \ / \ | wvc | | 6512 Au | | petrified by a | | cockatrice | | corpse | | | | 2023 | *| * * * | * _________)/\\_//(\/(/\)/\//\/|_)_______ Goodbye wvc the Wizard... You turned to stone in Gehennom on dungeon level 32 with 1199975 points, and 6512 pieces of gold, after 33455 moves. You were level 23 with a maximum of 254 hit points when you turned to stone.